 Dungeon Crawl Stone Soup version 0.31-a0-187-gba352fbbf7 (webtiles) character file.

Game seed: 12892517575118130877

2 qw the Shooter (level 1, 0/12 HPs)
             Began as a Deep Elf Hunter on June 22, 2023.
             Slain by a kobold
             ... wielding a +1 short sword of flaming
              (1 damage)
             ... on level 1 of the Dungeon.
             The game lasted 00:00:01 (63 turns).

qw the Shooter (Deep Elf Hunter)                      Turns: 63, Time: 00:00:01

Health: 0/12       AC:  3    Str:  8    XL:     1   Next: 25%
Magic:  3/3        EV: 12    Int: 13    God:
Gold:   10         SH:  0    Dex: 18    Spells: 0/0 levels left

rFire   . . .        a - +0 shortbow
rCold   . . .        (shield currently unavailable)
rNeg    . . .        c - +0 leather armour
rPois   .            (no helmet)
rElec   .            (no cloak)
rCorr   .            (no gloves)
SInv    .            (no boots)
Will    .....        (no amulet)
Stlth   ++           (no ring)
HPRegen 0.22/turn    (no ring)
MPRegen 0.08/turn

%: no passive effects
@: no status effects
A: no striking features
a: no special abilities


You were on level 1 of the Dungeon.
You visited 1 branch of the dungeon, and saw 1 of its levels.

You collected 10 gold pieces.


   Skills:
 - Level 1.5 Fighting
 + Level 5.4 Ranged Weapons
 - Level 2.4 Dodging
 - Level 1.2 Stealth


You couldn't memorise any spells.
You didn't know any spells.
Your spell library was empty.

Inventory:

Hand Weapons
 a - a +0 shortbow (weapon)
Armour
 c - a +0 leather armour (worn)
 d - a +0 scale mail
Scrolls
 b - a scroll of butterflies

Dungeon Overview and Level Annotations

Branches:
Dungeon (1/15)

Altars:


Message History

d - a +0 scale mail You now have 10 gold pieces.
A bat comes into view.
Enter note: You shoot an arrow.
The arrow hits the bat.
You kill the bat!
A ball python comes into view.
You shoot an arrow. The arrow hits the ball python.
The ball python hisses angrily.
The ball python is moderately wounded.
You shoot an arrow.
The arrow closely misses the ball python.
A quokka comes into view.
The ball python misses you. The ball python closely misses you.
You shoot an arrow.
The arrow closely misses the ball python.
You hear a shout!
The ball python barely misses you. x2
A kobold comes into view.
It is wielding a +1 short sword of flaming.
You shoot an arrow.
The arrow barely misses the ball python.
The ball python barely misses you. The ball python misses you. x2
The ball python grabs you. The ball python constricts you.
You shoot an arrow.
The arrow hits the ball python but does no damage.
The ball python is moderately wounded.
The ball python bites you but does no damage.
The ball python constricts you. The quokka bites you.
You shoot an arrow. The arrow hits the ball python.
You kill the ball python!
The quokka closely misses you.
You shoot an arrow. The arrow hits the quokka.
The quokka is moderately wounded.
The quokka bites you. The kobold closely misses you. The quokka bites you.
You shoot an arrow. The arrow hits the quokka.
You kill the quokka!
A quokka comes into view.
The kobold hits you with a +1 short sword of flaming.
The kobold burns you.
You die...

...7..##.# #..
......##.####.##
................
##....##.####.##
#..####.####.#
#.#.# #......#
#.###.######..#
### .# #.#
#..#####..... #
## #....@%..#
#.####K.## #.#
.## .%# .# ##.#
#r #.# # #. #.


You could see a quokka and a kobold.

Vanquished Creatures
  A bat (D:1)
  A quokka (D:1)
  A ball python (D:1)
3 creatures vanquished.

Notes
Turn   | Place    | Note
-------+----------+-------------------------------------------
     0 | D:1      | qw the Deep Elf Hunter began the quest for the Orb.
     0 | D:1      | Reached XP level 1. HP: 12/12 MP: 3/3
     0 | D:1      | 0 ||| qw: Version: 0.3-a-9-g12657ce
     0 | D:1      | 0 ||| qw: Game counter: 2182
     0 | D:1      | 0 ||| qw: Always use a shield: true
     0 | D:1      | 0 ||| qw: God list: Okawaru
     0 | D:1      | 0 ||| qw: Allow faded altars: false
     0 | D:1      | 0 ||| qw: Do Orc after D:15 true
     0 | D:1      | 0 ||| qw: Do second Lair branch before Depths: true
     0 | D:1      | 0 ||| qw: Lair rune preference: random
     0 | D:1      | 0 ||| qw: Plans: Normal
     0 | D:1      | 0 ||| PLANNING D:1-11
    63 | D:1      | HP: 1/12 [kobold/+1 short sword of flaming (4)]
    63 | D:1      | Slain by a kobold

Levels and vault maps discovered:
D:1:      nicolae_arrival_somewhat_less_tricky_arrival, layout_loops_ring,
          basic_ecumenical_altar, minmay_heptomino_w4

Action                     || total
---------------------------++-------
   Fire: Shortbow          ||     9
 Armour: Leather armour    ||     1
  Dodge: Dodged            ||     9

Table legend:
 A = Non-vault XP
 B = Vault XP
 C = Vault XP percentage of total XP
 D = Non-vault monster count
 E = Vault monster count
 F = Vault count percentage of total count
                 A         B        C        D         E       F
            +---------+---------+-------+---------+---------+-------
      Total |       2 |       3 |  60.0 |       1 |       2 |  66.7
            +---------+---------+-------+---------+---------+-------
        D:1 |       2 |       3 |  60.0 |       1 |       2 |  66.7
            +---------+---------+-------+---------+---------+-------
